 Dungeon Crawl Stone Soup version 0.31-a0-986-g5e6e4ef867 (webtiles) character file.

Game seed: 14528415632825870159

82 Skeral the Charlatan (level 4, 0/42 HPs)
             Began as a Troll Artificer on Nov 9, 2023.
             Slain by a gnoll
             ... wielding a +0 spear
              (2 damage)
             ... on level 2 of the Dungeon.
             The game lasted 00:02:33 (976 turns).

Skeral the Charlatan (Troll Artificer)               Turns: 976, Time: 00:02:33

Health: 0/42       AC:  4    Str: 19 (20) XL:     4   Next: 21%
Magic:  3/3        EV: 10    Int:  4 (7)  God:
Gold:   106        SH:  0    Dex: 11 (12) Spells: 3/3 levels left

rFire   . .          .
                       - Unarmed
rCold   . . .        (no shield)
rNeg    . . .        b - +0 robe
rPois   .            (helmet restricted)
rElec   .            (no cloak)
rCorr   .            (gloves unavailable)
SInv    .            (boots unavailable)
Will    .....        (no amulet)
Stlth   +            (no ring)
HPRegen 1.07/turn    (no ring)
MPRegen 0.08/turn

%: no passive effects
@: no status effects
A: large, unfitting armour, claws 3, regeneration 1, shaggy fur 1, tough skin 1
a: no special abilities


You were on level 2 of the Dungeon.
You visited 1 branch of the dungeon, and saw 2 of its levels.

You collected 106 gold pieces.


Innate Abilities, Weirdness & Mutations

You are too large for most types of armour.
You have claws for hands.
Your natural rate of healing is unusually fast.
You are covered in fur. (AC +1)
You have tough skin. (AC +1)


   Skills:
 + Level 2.1 Fighting
 - Level 1.9 Dodging
 - Level 0.3 Stealth
 + Level 2.1 Unarmed Combat
 - Level 2.1 Evocations
 + Level 1.4 Shapeshifting


You had 3 spell levels left.
You didn't know any spells.
Your spell library contained the following spells:

 Spells                   Type           Power      Damage    Failure   Level
 Kiss of Death            Conj/Necr      0%         2d5       50%         1
 Confusing Touch          Hex            0%         N/A       86%         3
 Dispel Undead            Necr           0%         3d6       99%         4

Inventory:

Missiles
 i - 6 poisoned darts
Armour
 b - a +0 robe (worn)
Talismans
 f - a beast talisman
   (You found it on level 1 of the Dungeon)
Wands
 c - a wand of flame (15) (quivered)
 d - a wand of charming (15)
 e - a wand of iceblast (5)
Scrolls
 g - a scroll of immolation {unknown}
Potions
 h - a potion of curing {unknown}

Dungeon Overview and Level Annotations

Branches:
Dungeon (2/15) Zot: 11025

Altars:

Shops:
D:1

[( ........###.....######
..........†.........
....#...#.###...####
..#######..###### ..#
##....### ..# #......#
..### #......# ..#_#
#......### ###'###
#......@.# #.....##
#......#.########
.......###......#g.#.....#
........##......##.#.....#.
....§...##......##...g.....
).#≈#...###.....###.......#
..§§≈...'÷####### ##>...[..
..#§#...### ......#
....)...# .......


You could see a gnoll.


Message History

The hobgoblin attacks as it pursues you!
The hobgoblin barely misses you.
You feel sick.
You scratch the adder but do no damage.
You feel sick. The adder closely misses you.
You claw the adder!
You kill the adder!
You feel sick.
You are no longer poisoned.
The bat hits you but does no damage.
Your Fighting skill increases to level 2!
You claw the bat!
You kill the bat!
Your Unarmed Combat skill increases to level 2! 😕 HP[+1]
You closely miss the hobgoblin.
The hobgoblin closely misses you. 😕 HP[+1]
You claw the hobgoblin!
You kill the hobgoblin! 😕 HP[+1]
Things that are here:
a hobgoblin corpse; an adder corpse; 😕 HP[+1]
Found a stone staircase leading down. 😎 HP[+2]
Your hp is fully restored (35).
You now have enough gold to buy a cloak on D:1.
You can access your shopping list by pressing '$'.
You now have 106 gold pieces (gained 5). 3 gnolls come into view.
The gnoll shouts! x3
The gnoll hits you with a +0 halberd!
An endoplasm comes into view. 😮 HP[-9]
You take 9 damage, and now have 26/35 hp.
MASSIVE DAMAGE!! (PAUSE) 😕 HP[+1] 😕 HP[+1]
The gnoll attacks as it pursues you!
The gnoll hits you from afar with a +0 halberd.
The gnoll attacks as it pursues you! The gnoll closely misses you. 😕 HP[+1]
The gnoll hits you with a +0 halberd!
* * * LOW HITPOINT WARNING * * *
😨 HP[-12]
You take 12 damage, and now have 17/35 hp.
MASSIVE DAMAGE!! (PAUSE)
You claw the gnoll! You claw the gnoll.
You kill the gnoll!
The endoplasm freezes you.
You are frozen.
* * * LOW HITPOINT WARNING * * *
You have reached level 4! 😨 HP[+3] MP[+1]
You now have 42 max hp (+7).
You regained 3 hp, and now have 20/42 hp.
Your mp is fully restored (3).
You closely miss the gnoll. The gnoll hits you with a +0 whip!
* * * LOW HITPOINT WARNING * * *
The endoplasm hits you.
* * * LOW HITPOINT WARNING * * *
😱 HP[-10]
You take 10 damage, and now have 10/42 hp.
MASSIVE DAMAGE!! (PAUSE)
You claw the endoplasm!
You kill the endoplasm!
The gnoll hits you from afar with a +0 spear.
* * * LOW HITPOINT WARNING * * *
The gnoll barely misses you. 😱 HP[-1]
You take 1 damage, and now have 9/42 hp.
You barely miss the gnoll.
The gnoll hits you from afar with a +0 spear.
* * * LOW HITPOINT WARNING * * *
😱 HP[-4]
You take 4 damage, and now have 5/42 hp.
It was a potion of degeneration.
There was something very wrong with that liquid.
You feel weakened.
You feel dopey.
You feel clumsy. The gnoll hits you with a +0 whip.
* * * LOW HITPOINT WARNING * * *
The gnoll closely misses you. 😱 HP[-1]
You take 1 damage, and now have 4/42 hp.
You claw the gnoll!
The gnoll hits you but does no damage. 😱 HP[+1]
You barely miss the gnoll.
The gnoll hits you from afar with a +0 spear.
* * * LOW HITPOINT WARNING * * *
The gnoll barely misses you. 😱 HP[-2]
You take 2 damage, and now have 3/42 hp.
You claw the gnoll!
You kill the gnoll!
The gnoll hits you from afar with a +0 spear.
* * * LOW HITPOINT WARNING * * *
😱 HP[-2]
You take 2 damage, and now have 1/42 hp.
The gnoll attacks as it pursues you!
The gnoll hits you from afar with a +0 spear.
You die...

Skill      XL: |  1  2  3 |
---------------+----------+-----
Fighting       | 1 2 |  2.1
Unarmed Combat | 1 2 |  2.1
Shapeshifting  | 1 |  1.4
Dodging        | |  1.9
Stealth        | |  0.3
Evocations     | |  2.1

Action                     |  1- 3 |  4- 6 || total
---------------------------+-------+-------++-------
  Melee: Unarmed           |    80 |     6 ||    86
         Punch             |     1 |       ||     1
    Use: Potion            |       |     1 ||     1
   Stab: Sleeping          |     1 |       ||     1
 Armour: Robe              |    58 |     9 ||    67
  Dodge: Dodged            |    44 |     3 ||    47
         Form:             |     1 |       ||     1
         Beast             |     1 |       ||     1

Levels and vault maps discovered:
D:1:      roderic_crop_circles_arrival_small, layout_loops_ring, serial_shops,
          shop, nicolae_shop_trees
D:2:      layout_basic, hellmonk_ecumenical_altar_defaced_shrine, basic_altar

Notes
Turn   | Place    | Note
-------+----------+-------------------------------------------
     0 | D:1      | Skeral the Troll Artificer began the quest for the Orb.
     0 | D:1      | Reached XP level 1. HP: 18/18 MP: 0/0
     0 | D:1      | magus.rc [v1.10.3]
    46 | D:1      | Reached skill level 1 in Fighting
    61 | D:1      | Found Ziothu Faleu's Antique Armour Emporium.
   118 | D:1      | Reached skill level 1 in Unarmed Combat
   158 | D:1      | Reached XP level 2. HP: 27/27 MP: 1/1
   186 | D:1      | Found Sousas's Antique Weapon Emporium.
   235 | D:1      | You pick up a book of Touch and begin reading...
   235 | D:1      | You add the spells Kiss of Death, Confusing Touch and
                  | Dispel Undead to your library.
   385 | D:1      | Reached XP level 3. HP: 33/33 MP: 2/2
   797 | D:2      | Reached skill level 1 in Shapeshifting
   865 | D:2      | Found a faded altar of an unknown god.
   931 | D:2      | Reached skill level 2 in Fighting
   932 | D:2      | Reached skill level 2 in Unarmed Combat
   969 | D:2      | Reached XP level 4. HP: 20/42 MP: 3/3
   969 | D:2      | HP: 10/42 [endoplasm (3)]
   972 | D:2      | HP: 4/42 [gnoll/+0 whip (2)]
   975 | D:2      | HP: 1/42 [gnoll/+0 spear (3)]
   976 | D:2      | Slain by a gnoll

Vanquished Creatures
  3 gnolls
  An adder (D:2)
  A worm (D:2)
  2 dart slugs (D:1)
  5 orcs (D:2)
  2 bats
  3 endoplasms
  A giant cockroach (D:1)
  A goblin (D:2)
  3 hobgoblins
  2 quokkas (D:1)
  4 ball pythons (D:1)
  2 kobolds (D:1)
  3 rats
33 creatures vanquished.

Table legend:
 A = Non-vault XP
 B = Vault XP
 C = Vault XP percentage of total XP
 D = Non-vault monster count
 E = Vault monster count
 F = Vault count percentage of total count
                 A         B        C        D         E       F
            +---------+---------+-------+---------+---------+-------
      Total |     103 |      15 |  12.7 |      28 |       5 |  15.2
            +---------+---------+-------+---------+---------+-------
        D:1 |      45 |       0 |   0.0 |      17 |       0 |   0.0
        D:2 |      58 |      15 |  20.5 |      11 |       5 |  31.2
            +---------+---------+-------+---------+---------+-------

Skill      XL: |  1  2  3 |
---------------+----------+-----
Fighting       | 1 2 |  2.1
Unarmed Combat | 1 2 |  2.1
Shapeshifting  | 1 |  1.4
Dodging        | |  1.9
Stealth        | |  0.3
Evocations     | |  2.1

Action                     |  1- 3 |  4- 6 || total
---------------------------+-------+-------++-------
  Melee: Unarmed           |    80 |     6 ||    86
         Punch             |     1 |       ||     1
    Use: Potion            |       |     1 ||     1
   Stab: Sleeping          |     1 |       ||     1
 Armour: Robe              |    58 |     9 ||    67
  Dodge: Dodged            |    44 |     3 ||    47
         Form:             |     1 |       ||     1
         Beast             |     1 |       ||     1

Illustrated notes

Table legend:
 A = Kills in this place as a percentage of kills in the entire game.
 B = Kills by you in this place as a percentage of kills by you in the entire game.
 C = Kills by friends in this place as a percentage of kills by friends in the entire game.
 D = Other kills in this place as a percentage of other kills in the entire game.
 E = Experience gained in this place as a percentage of experience gained in the entire game.
 F = Experience gained in this place divided by the number of levels of this place that you have seen.
                   A       B       C       D       E      F
               +-------+-------+-------+-------+-------+----------------------
         Total | 100.0 | 100.0 |   N/A |   N/A | 100.0 |  59.0
       Dungeon | 100.0 | 100.0 |   N/A |   N/A | 100.0 |  59.0
               +-------+-------+-------+-------+-------+----------------------

Table legend: (Time is in decaauts)
 A = Elapsed time spent in this place.
 B = Non-inter-level travel time spent in this place.
 C = Inter-level travel time spent in this place.
 D = Time resting spent in this place.
 E = Time spent auto-exploring this place.
 F = Levels seen in this place.
 G = Mean time per level.
                   A        B        C        D        E       F      G
               +--------+--------+--------+--------+--------+-----+--------+
         Total |    973 |    921 |     52 |      2 |    635 |   2 |  486.5 |
       Dungeon |    973 |    921 |     52 |      2 |    635 |   2 |  486.5 |
               +--------+--------+--------+--------+--------+-----+--------+

Top non-repeatable levels by time:
     D:1: 724 daAuts
     D:2: 249 daAuts
